Map: Ruins of Seras

Players

lIlIllllIlll - Winner!

  • Race: Protoss Protoss
  • League: Master

MorN

  • Race: Terran Terran
  • League: Master

VOD

Have the link to the VOD?

Description

Time

  • Played on: Nov. 29, 2015, 8:30 p.m.
  • Length: 9:58
Show
View Real Time Build Order
Export as new Build Order

lIlIllllIlll Protoss - Winner!

Build Orders: 1 Gate Expand, Phoenix Opening 

Get SALT Encoding   

  12  0:01  Probe (Chrono Boost)  
  13  0:12  Probe (Chrono Boost)  
  14  0:18  Pylon  
  14  0:23  Probe (Chrono Boost)  
  15  0:37  Probe (Chrono Boost)  
  15  0:39  Gateway  
  16  0:47  Probe (Chrono Boost)  
  16  0:49  Assimilator  
  17  0:58  Probe (Chrono Boost)  
  18  1:08  Probe (Chrono Boost)  
  19  1:19  Probe (Chrono Boost)  
  20  1:30  Nexus  
  20  1:38  Cybernetics Core  
  20  1:41  Probe (Chrono Boost)  
  21  1:51  Assimilator  
  22  1:54  Probe (Chrono Boost)  
  22  2:00  Pylon  
  22  2:04  Probe (Chrono Boost)  
  23  2:15  Warp Gate  
  23  2:18  Probe (Chrono Boost)  
  24  2:23  Stargate  
  24  2:28  Adept  
  24  2:29  Probe (Chrono Boost)  
  27  2:40  Probe (Chrono Boost)  
  27  2:42  Probe (Chrono Boost)  
  29  2:50  Probe (Chrono Boost)  
  30  2:53  Mothership Core (Chrono Boost)  
  30  2:58  Adept  
  34  3:01  Probe (Chrono Boost)  
  35  3:10  Phoenix  
  35  3:11  Probe x2 (Chrono Boost)  
  39  3:22  Probe x2 (Chrono Boost), Assimilator  
  41  3:27  Assimilator  
  41  3:30  Pylon  
  41  3:32  Probe x2 (Chrono Boost)  
  43  3:34  Pylon  
  43  3:39  Phoenix  
  45  3:43  Probe (Chrono Boost)  
  46  3:49  Gateway  
  46  3:52  Probe (Chrono Boost)  
  47  3:56  Gateway  
  47  4:00  Probe (Chrono Boost)  
  48  4:03  Probe (Chrono Boost)  
  48  4:08  Phoenix  
  51  4:10  Probe (Chrono Boost)  
  51  4:14  Probe (Chrono Boost)  
  53  4:21  Probe (Chrono Boost)  
  54  4:24  Probe (Chrono Boost)  
  54  4:27  Robotics Facility  
  55  4:31  Forge  
  55  4:34  Probe (Chrono Boost)  
  55  4:35  Pylon  
  56  4:41  Pylon  
  56  4:56  Probe x2 (Chrono Boost)  
  58  5:00  Pylon  
  58  5:02  Sentry x2  
  58  5:03  Stalker  
  58  5:07  Probe x2 (Chrono Boost)  
  66  5:09  Pylon  
  66  5:15  Robotics Bay  
  66  5:18  Immortal  
  66  5:20  Protoss Ground Weapons Level 1  
  70  5:25  Phoenix  
  72  5:39  Nexus  
  72  5:42  Probe (Chrono Boost)  
  73  5:47  Probe (Chrono Boost)  
  74  5:52  Probe (Chrono Boost), Adept  
  74  5:53  Stalker  
  74  5:54  Sentry  
  81  5:58  Probe (Chrono Boost)  
  82  6:18  Colossus (Chrono Boost)  
  82  6:22  Extended Thermal Lance  
  82  6:23  Probe x2 (Chrono Boost)  
  90  6:26  Stalker x2  
  90  6:28  Pylon  
  94  6:35  Assimilator  
  94  6:36  Pylon  
  94  6:37  Assimilator  
  96  6:47  Probe x2 (Chrono Boost)  
  96  6:59  Protoss Ground Armor Level 1  
  94  7:12  Colossus (Chrono Boost)  
  94  7:14  Twilight Council, Adept  
  94  7:15  Adept x2  
  106  7:16  Probe  
  106  7:17  Probe x2  
  106  7:20  Gateway  
  106  7:21  Gateway  
  109  7:23  Gateway  
  109  7:26  Probe  
  109  7:29  Probe x2, Pylon  
  112  7:37  Probe  
  112  7:38  Phoenix (Chrono Boost)  
  112  7:41  Probe  
  112  7:42  Probe, Pylon  
  117  7:48  Probe, Pylon  
  118  7:53  Probe  
  118  7:54  Probe  
  118  7:55  Stalker, Zealot x2  
  126  8:02  Observer  
  127  8:14  Probe x2  
  127  8:18  Stalker x2  
  133  8:23  Colossus, Probe  
  133  8:24  Phoenix (Chrono Boost)  
  133  8:26  Probe  
  143  8:29  Pylon  
  143  8:35  Sentry x2  
  143  8:41  Nexus  
  147  8:42  Sentry  
  147  8:47  Phoenix (Chrono Boost)  
  147  8:48  Pylon  
  149  9:02  Pylon  
  149  9:04  Pylon  
  149  9:08  Stalker x4  
  157  9:13  Pylon  
  140  9:33  Stalker x3  
  140  9:34  Stalker x2  
  135  9:53  Stalker  
Show
View Real Time Build Order
Export as new Build Order

MorN Terran 

Build Orders: Cyclone Opening, MMM Bio 

Get SALT Encoding   

  12  0:00  SCV  
  13  0:12  SCV  
  14  0:18  Supply Depot  
  14  0:25  SCV  
  15  0:40  SCV  
  15  0:42  Barracks  
  16  0:46  Refinery  
  16  0:52  SCV  
  17  1:04  SCV  
  18  1:16  SCV  
  19  1:29  Orbital Command  
  19  1:30  Marine  
  20  1:52  Factory  
  20  1:58  Command Center  
  20  2:03  Marine  
  20  2:07  SCV  
  22  2:12  Supply Depot  
  22  2:20  Marine  
  23  2:34  SCV  
  23  2:35  Factory Tech Lab  
  24  2:38  Barracks  
  24  2:40  Marine  
  25  2:47  SCV  
  26  2:54  Cyclone  
  26  2:57  Marine  
  30  2:59  SCV  
  31  3:06  Refinery  
  31  3:08  Engineering Bay  
  31  3:15  Marine  
  32  3:20  Orbital Command  
  32  3:22  SCV  
  33  3:30  Barracks  
  33  3:34  SCV, Factory Reactor  
  34  3:43  Missile Turret  
  34  3:46  SCV  
  35  3:50  Missile Turret  
  35  3:58  SCV, Barracks Tech Lab  
  36  4:04  SCV  
  36  4:07  Marine  
  36  4:08  Barracks Tech Lab, Stimpack  
  38  4:10  SCV  
  39  4:23  Starport  
  36  4:27  SCV x2  
  36  4:30  Factory Reactor  
  38  4:36  Marauder x2, Marine x2  
  44  4:39  SCV  
  44  4:40  Terran Infantry Weapons Level 1  
  45  4:46  SCV  
  46  4:55  Refinery  
  46  5:13  Supply Depot  
  46  5:18  Command Center  
  46  5:24  Factory Reactor  
  46  5:31  Supply Depot  
  46  5:34  SCV x2, Medivac x2, Marine x2  
  54  5:50  Supply Depot  
  54  5:52  SCV x2, Marine x2  
  54  5:53  Marauder  
  54  5:54  Marine  
  61  5:57  Supply Depot  
  61  6:03  Barracks  
  61  6:04  SCV  
  61  6:05  Barracks  
  61  6:07  Refinery  
  61  6:11  SCV, Widow Mine x2  
  62  6:16  SCV  
  68  6:21  Medivac x2  
  68  6:23  SCV  
  68  6:25  Supply Depot  
  73  6:29  SCV  
  73  6:30  Combat Shields  
  74  6:33  Orbital Command  
  74  6:35  SCV  
  74  6:38  Terran Infantry Armor Level 1  
  75  6:41  SCV  
  75  6:45  Marine, Marauder x2  
  81  6:58  Missile Turret  
  81  6:59  SCV, Missile Turret  
  81  7:00  SCV  
  83  7:07  Marauder  
  83  7:08  Barracks Tech Lab, Marauder, Marine  
  87  7:09  Barracks Reactor, Orbital Command, Liberator x2  
  87  7:21  Starport  
  87  7:22  Factory Reactor  
  87  7:29  Marine x2, Marauder  
  95  7:32  Supply Depot  
  95  7:33  Supply Depot  
  95  7:36  SCV  
  98  7:44  Marauder  
  100  7:46  Marine  
  100  7:48  Missile Turret x2  
  101  7:53  SCV x2, Marine, Liberator  
  101  7:54  SCV  
  101  7:55  Marauder  
  107  8:00  Supply Depot  
  107  8:02  Liberator  
  107  8:05  SCV, Liberator, Marine  
  107  8:06  Marauder, Marine  
  115  8:24  SCV x3  
  123  8:37  Marine x2  
  125  8:43  Supply Depot  
  125  8:44  Supply Depot  
  125  8:45  Supply Depot  
  125  8:48  Liberator x2  
  125  9:04  Marine  
  125  9:05  SCV x3, Marauder x2  
  125  9:06  Marauder  
  125  9:07  Refinery  
  125  9:08  Refinery  
  129  9:26  Marauder  
  129  9:30  Marine  
Tags
 
Add a new tag
Caveats
  • Supply blocks, unpowered buildings, or Contaminate may cause inaccurate times.
  • Supply counts are checked every 10 seconds.